 Dungeon Crawl Stone Soup version 0.23-a0-650-ga4d50d4 (webtiles) character file.

879 Borgoz the Covered (level 8, -4/48 HPs)
             Began as a Gargoyle Gladiator on Jan 3, 2019.
             Killed by divine providence
             ... invoked by an orc priest
              (10 damage)
             ... on level 5 of the Dungeon.
             The game lasted 00:10:52 (4612 turns).

Borgoz the Covered (Gargoyle Gladiator)             Turns: 4612, Time: 00:10:52

Health: -4/48      AC: 10    Str: 19    XL:     8   Next: 4%
Magic:  8/8        EV: 13    Int:  8    God:
Gold:   181        SH:  0    Dex: 13    Spells: 7/7 levels left

rFire    . . .     SeeInvis .   a - +0 war axe
rCold    . . .     Gourm    .   (no shield)
rNeg     + . .     Faith    .   b - +0 leather armour
rPois    ∞         Spirit   .   c - +0 helmet
rElec    +         Reflect  .   (no cloak)
rCorr    .         Harm     .   (no gloves)
MR       .....                  (no boots)
Stlth    +.........             (no amulet)
HPRegen  0.16/turn              (no ring)
MPRegen  0.11/turn              (no ring)

@: no status effects
A: negative energy resistance 1, electricity resistance, unbreathing,
petrification resistance, rot immunity, AC +5
a: no special abilities


You were on level 5 of the Dungeon.
You were hungry.

You visited 1 branch of the dungeon, and saw 5 of its levels.

You collected 181 gold pieces.

Inventory:

Hand Weapons
 a - a +0 war axe (weapon)
Missiles
 d - 3 throwing nets (quivered)
Armour
 b - a +0 leather armour (worn)
 c - a +0 helmet (worn)
 r - a +2 helmet
Jewellery
 h - an uncursed amulet of guardian spirit {unknown}
 j - a cursed ring of teleportation {unknown}
 l - an uncursed ring of protection from magic {unknown}
Scrolls
 e - 2 scrolls of fog {unknown}
 g - 4 scrolls of teleportation {unknown}
 i - 3 scrolls of identify {unknown}
 k - a scroll of immolation {unknown}
 m - 2 scrolls of remove curse {unknown}
 o - 2 scrolls of noise {unknown}
 q - a scroll of enchant weapon {unknown}
 u - a scroll of enchant armour {unknown}
Potions
 n - a potion of lignification {unknown}
 p - a potion of heal wounds
 s - 3 potions of curing {unknown}
Comestibles
 f - 9 rations
 t - 10 chunks of flesh


   Skills:
 + Level 4.3 Fighting
 * Level 5.3 Axes
 - Level 1.7 Throwing
 * Level 5.4 Armour
 + Level 3.8 Dodging


You had 7 spell levels left.
You didn't know any spells.
Your spell library contained the following spells:

 Spells                   Type           Power        Failure   Level  Hunger
 Recall                   Summ/Tloc      N/A          83%         3    ####...
 Aura of Abjuration       Summ           #.........   100%        5    ######.
 Summon Demon             Summ           #.........   100%        5    ######.
 Summon Forest            Summ/Tloc      #.........   100%        5    ######.
 Summon Mana Viper        Hex/Summ       #.......     100%        5    ######.
 Shadow Creatures         Summ           N/A          100%        6    #######


Dungeon Overview and Level Annotations

Branches:
Dungeon (5/15)
 Temple: D:4-7

Altars:
Ashenzari
Gozag
Makhleb
Nemelex Xobeh
Ru
Uskayaw
Vehumet
Wu Jian
Xom
Zin
The Shining One


Innate Abilities, Weirdness & Mutations

You are resistant to torment.
Your stone body is resilient. (AC +5)
You are immune to poison.
You resist negative energy. (rN+)
You are resistant to electric shocks. (rElec)
You can survive without breathing.
You are immune to petrification.
You are immune to rotting.


Message History

You hit the orc priest but do no damage.
The orc priest invokes the aid of Beogh against you.
Pain shoots through your body! The orc priest barely misses you.
You are too injured to fight recklessly!
You are too injured to fight recklessly!
You are too injured to fight recklessly!
You slash the orc priest!
The orc priest is heavily wounded.
The orc priest hits you with a +0 hand axe.
You hit the orc priest but do no damage.
The orc priest is heavily wounded.
The orc priest invokes the aid of Beogh against you.
Beogh smites you!
* * * LOW HITPOINT WARNING * * *
You hit the orc priest but do no damage.
The orc priest is heavily wounded.
The orc wizard begins to cast a cantrip, but forgets the words!
The orc priest invokes the aid of Beogh against you.
Beogh smites you!
You die...

##############.##
........(<(......
####....#####.#.
#...## #.#. ##.##
#.#. #..# #.##
#..# #.##
############..#
#.##
.....oo@....>.#
#.##
.###########.##
#... #.# ##.. #.#
#.# #.# #.# #.#
#.# ..# #.# ##
#.# #.#


You could see an orc priest and an orc wizard.

Vanquished Creatures
  A centaur (D:5)
  2 ogres (D:4)
  A bullfrog (D:4)
  A scorpion (D:4)
  2 howler monkeys
  A jelly (D:4)
  2 iguanas (D:5)
  4 worker ants
  2 orc wizards
  6 adders
  2 oozes
  2 adder skeletons (D:5)
  4 worms
  4 dart slugs
  3 leopard geckos
  19 orcs
  9 bats
  4 giant cockroaches
  8 goblins
  5 hobgoblins
  6 jackals
  8 kobolds
  A quokka (D:3)
  2 ball pythons (D:1)
  6 frilled lizards
  A leopard gecko skeleton (D:4)
  12 rats
118 creatures vanquished.

Notes
Turn   | Place    | Note
-------+----------+-------------------------------------------
     0 | D:1      | Borgoz the Gargoyle Gladiator began the quest for the Orb.
     0 | D:1      | Reached XP level 1. HP: 12/12 MP: 1/1
   311 | D:1      | Reached XP level 2. HP: 18/18 MP: 2/2
   317 | D:1      | Reached skill level 1 in Armour
   489 | D:1      | Reached XP level 3. HP: 19/22 MP: 3/3
   880 | D:2      | Found a sacrificial altar of Ru.
  1255 | D:2      | Found a burning altar of Makhleb.
  1255 | D:2      | Found a glowing silver altar of Zin.
  1256 | D:2      | Noticed an angel
  1256 | D:2      | Noticed a green death
  1454 | D:2      | Reached XP level 4. HP: 27/27 MP: 4/4
  2022 | D:3      | Found a glowing golden altar of the Shining One.
  2022 | D:3      | Found a shattered altar of Ashenzari.
  2023 | D:3      | Found a radiant altar of Vehumet.
  2024 | D:3      | Found an ornate altar of the Wu Jian Council.
  2027 | D:3      | Found a hide-covered altar of Uskayaw.
  2313 | D:3      | Reached XP level 5. HP: 32/32 MP: 5/5
  2860 | D:4      | Noticed an ogre
  3324 | D:3      | Reached XP level 6. HP: 27/37 MP: 6/6
  3439 | D:4      | Found a shimmering altar of Xom.
  3439 | D:4      | Found a shimmering altar of Xom.
  3439 | D:4      | Found a shimmering altar of Xom.
  3439 | D:4      | Found a shimmering altar of Xom.
  3440 | D:4      | Found a shimmering altar of Xom.
  3573 | D:4      | Reached XP level 7. HP: 35/42 MP: 7/7
  3589 | D:4      | Found a sparkling altar of Nemelex Xobeh.
  3590 | D:4      | Found an opulent altar of Gozag.
  3945 | D:5      | Entered Level 5 of the Dungeon
  4025 | D:5      | Reached skill level 5 in Axes
  4208 | D:5      | Reached skill level 5 in Armour
  4571 | D:5      | Reached XP level 8. HP: 38/48 MP: 8/8
  4612 | D:5      | Killed from afar by an orc priest

Vault maps used:
D:1:      sevenhm_arrival_forest_fort_small_6
D:2:      grunt_temple_overflow_order_and_chaos_2, hangedman_ru_absence
D:3:      minmay_inner_zag, minitemple
D:4:      grunt_temple_overflow_opulence, first_ration, xom_redecorated
D:5:      minmay_temple_entry_overgrown, uniq_grinder

Skill      XL: |  1  2  3  4  5  6  7 |
---------------+----------------------+-----
Armour         | 1 2 3 4 5 |  5.4
Axes           | 3 4 5 |  5.3
Fighting       | 3 4 |  4.3
Dodging        | 3 |  3.8
Throwing       | |  1.7

Action                   |  1- 3 |  4- 6 |  7- 9 || total
-------------------------+-------+-------+-------++-------
Melee: War axe           |    96 |   199 |   123 ||   418
  Use: Potion            |       |       |     1 ||     1
  Eat: Chunk             |     1 |     8 |     3 ||    12
Armor: Leather armour    |    36 |    83 |    36 ||   155
Dodge: Dodged            |    69 |   159 |    85 ||   313

Table legend:
 A = Non-vault XP
 B = Vault XP
 C = Vault XP percentage of total XP
 D = Non-vault monster count
 E = Vault monster count
 F = Vault count percentage of total count
                 A         B        C        D         E       F
            +---------+---------+-------+---------+---------+-------
      Total |    1244 |      12 |   1.0 |     112 |       6 |   5.1
            +---------+---------+-------+---------+---------+-------
        D:1 |      51 |       0 |   0.0 |      24 |       0 |   0.0
        D:2 |      58 |       0 |   0.0 |      20 |       0 |   0.0
        D:3 |     180 |      12 |   6.2 |      29 |       6 |  17.1
        D:4 |     573 |       0 |   0.0 |      17 |       0 |   0.0
        D:5 |     382 |       0 |   0.0 |      22 |       0 |   0.0
            +---------+---------+-------+---------+---------+-------
